Cogmind - Beta 11 X6 @@@ ROGUE MODE // 2021.07.29 @ 18:52:40 Player: AlmondRoll Result: Destroyed by G-47 Trooper with Particle Gun Performance ------------- Evolutions (0) 0 Regions Visited (2) 400 Robots Destroyed (16) 80 Value Destroyed (267) 267 Prototype IDs (0) 0 Alien Tech Used (0) 0 Bonus (0) 0 TOTAL SCORE: 747 Bonus ------- None Cogmind --------- Core Integrity 0/250 Matter 117/300 Energy 100/100 System Corruption 0% Temperature Cool (9) Movement Core (350) Ox6 Location -10/Mines Parts ------- > --- POWER (1) -------- (None) > --- PROPULSION (2) --- (None) > --- UTILITY (2) ------ Large Storage Unit > --- WEAPON (2) ------- Light Assault Rifle > --- INVENTORY (15) --- Flight Unit Flight Unit Flight Unit Flight Unit Flight Unit Flight Unit Small Storage Unit Improved Terrain Scanner Mining Laser Peak State ------------ > --- POWER ------------ Ion Engine > --- PROPULSION ------- Wheel Wheel > --- UTILITY ---------- Small Storage Unit Large Storage Unit > --- WEAPON ----------- Assault Rifle Assault Rifle > --- INVENTORY -------- Light Ion Engine Light Treads Light Treads Wheel Improved Terrain Scanner Medium Laser Mining Laser [Rating: 7] Favorites ----------- Power Ion Engine Engine Ion Engine Propulsion Wheel Leg Aluminum Leg Wheel Wheel Utility Large Storage Unit Storage Large Storage Unit Weapon Assault Rifle Ballistic Gun Assault Rifle Launcher Grenade Launcher Special Weapon Mining Laser Build | -11 -10 -10 ------- Run | Scr Mat Min Slots Evolved . | . . . Power . | . . . Propulsion . | . . . Utility . | . . . Weapon . | . . . Parts Attached 16 | 2 1 13 Power 2 | . . 2 Engine 2 | . . 2 Core . | . . . Reactor . | . . . Propulsion 3 | 2 . 1 Treads . | . . . Leg . | . . . Wheel 3 | 2 . 1 Hover . | . . . Flight . | . . . Utility 1 | . 1 . Device . | . . . Storage 1 | . 1 . Processor . | . . . Hackware . | . . . Protection . | . . . Artifact . | . . . Weapon 10 | . . 10 Energy Gun . | . . . Energy Cannon . | . . . Ballistic Gun 6 | . . 6 Ballistic Cannon . | . . . Launcher 3 | . . 3 Special Weapon 1 | . . 1 Impact Weapon . | . . . Slashing Weapon . | . . . Piercing Weapon . | . . . Special Melee Weapon . | . . . Unidentified Prototypes . | . . . Parts Lost 10 | . . 10 Power 3 | . . 3 Propulsion 2 | . . 2 Utility . | . . . Weapon 5 | . . 5 Highest Loss Streak 9 | . . 9 Average Slot Usage (%) 80 | . 86 78 Engine 13 | . 14 13 Wheel 24 | . 28 23 Storage 14 | . 15 14 Ballistic Gun 27 | . 28 27 Naked Turns . | . . . Heaviest Build 34 | 14 34 29 Greatest Support 20 | 20 20 20 Greatest Overweight (x) 1 | . 1 1 Average Overweight (x) . | . . 1 Largest Inventory Capacity 15 | 8 15 15 Average Capacity 13 | 8 12 15 Most Carried 15 | 7 9 15 Average Carried 10 | 4 7 12 Final Capacity 15 | 8 15 15 Final Carried 9 | 7 9 9 Class Distribution -------------------- 100% | Mutant Dominant Class ---------------- Mutant | -10/Materials Mutant | -10/Mines Resources | -11 -10 -10 ----------- Run | Scr Mat Min Matter Collected 356 | 256 . 100 Remotely . | . . . Salvage Created 376 | 114 . 262 Parts 34 | 3 . 31 Haulers Intercepted . | . . . Recyclers Shooed 2 | 1 . 1 Parts Field Recycled . | . . . Retrieved Matter . | . . . Parts Self-Destructed . | . . . Prevented . | . . . Kills | -11 -10 -10 ------- Run | Scr Mat Min Combat Hostiles Destroyed 13 | . . 13 Guns 9 | . . 9 AOE 4 | . . 4 Classes Destroyed 5 | 2 . 3 Builder 1 | . . 1 Tunneler 1 | 1 . . Recycler 1 | 1 . . Swarmer 9 | . . 9 Grunt 4 | . . 4 Best Kill Streak 4 | 2 . 4 Combat Bots Only 3 | . . 3 Max Kills in Single Turn 2 | 1 . 2 Gunslinging . | . . . Exploded 2 | . . 2 Melee . | . . . Uniques/NPCs Destroyed . | . . . Combat | -11 -10 -10 -------- Run | Scr Mat Min Damage Taken 1027 | . . 1027 Core 265 | . . 265 Absorbed by Shields . | . . . Core Remaining (%) 100 | 100 . . Volleys Fired 46 | 6 . 40 Largest 2 | 2 . 2 Hottest 40 | 40 . 40 Shots Fired 80 | 12 . 68 Gun 75 | 12 . 63 Cannon . | . . . Launcher 5 | . . 5 Special . | . . . Kinetic 75 | 12 . 63 Thermal . | . . . Explosive 5 | . . 5 Electromagnetic . | . . . Robot Hit Streak 7 | 3 . 7 Robot Miss Streak 4 | 3 . 4 Penetration Max . | . . . Secondary Targets 1 | . . 1 Max Gunslinging Chain 1 | . . 1 Shots Hit Robots 51 | 7 . 44 Core Hits 24 | 3 . 21 Critical Kills . | . . . Critical Parts Destroyed 1 | . . 1 Critical Strikes 1 | . . 1 Destroy 1 | . . 1 Melee Attacks . | . . . Impact . | . . . Slashing . | . . . Piercing . | . . . Sneak Attacks . | . . . Combat Hostiles . | . . . Follow-up Attacks . | . . . Damage Inflicted 996 | 82 . 914 Guns 530 | 82 . 448 Cannons . | . . . Explosions 466 | . . 466 Melee . | . . . Ramming . | . . . Kinetic 530 | 82 . 448 Thermal . | . . . Explosive 466 | . . 466 Electromagnetic . | . . . Impact . | . . . Slashing . | . . . Piercing . | . . . Highest Corruption . | . . . Average Corruption . | . . . Corruption Purged . | . . . Overload Shots . | . . . Overflow Damage 66 | . . 66 Projectiles . | . . . Explosions 66 | . . 66 Melee . | . . . Knockbacks . | . . . Impact . | . . . Kinetic . | . . . Secondary . | . . . Self-Inflicted Damage 187 | . . 187 Shots 5 | . . 5 Rammed . | . . . Targets Rammed . | . . . Kicked . | . . . Crushed . | . . . Highest Temperature 59 | 6 . 59 Average Temperature 24 | 6 . 24 Received Heat Transfer 411 | . . 411 Siege Activations . | . . . Robots Corrupted . | . . . Combat Hostiles . | . . . Parts Fried . | . . . Impact Corruptions . | . . . Robots Melted . | . . . Combat Hostiles . | . . . Parts Melted . | . . . Heat Transferred . | . . . Parts Sabotaged . | . . . Parts Stolen . | . . . Parts Stripped . | . . . Power Chain Reactions . | . . . Missiles Intercepted . | . . . Alert | -11 -10 -10 ------- Run | Scr Mat Min Peak Influence 247 | 10 21 247 Initial 7 | . 6 7 Average 137 | 6 6 198 Maximum Alert Level 1 | . . 1 Low Security (%) 50 | 100 100 27 Level 1 49 | . . 72 Level 2 . | . . . Level 3 . | . . . Level 4 . | . . . Level 5 . | . . . High Security . | . . . Max Security . | . . . Squads Dispatched . | . . . Investigation . | . . . Extermination . | . . . Reinforcement . | . . . Assault . | . . . Garrison . | . . . Intercept . | . . . Construction Impeded . | . . . Haulers Reinforced . | . . . Active Scanning Responses . | . . . Cargo Convoy Interrupts . | . . . Stealth | -11 -10 -10 --------- Run | Scr Mat Min Distress Signals . | . . . Communications Jammed . | . . . Distress Signals . | . . . Times Spotted 15 | . 1 14 Peak Tracking Total 4 | . 1 4 Tactical Retreats . | . . . Traps | -11 -10 -10 ------- Run | Scr Mat Min Traps Triggered . | . . . Indirectly . | . . . Trap Hack Attempts . | . . . Triggered . | . . . Disarmed . | . . . Reprogrammed . | . . . Reused . | . . . Traps Extracted . | . . . Installed . | . . . Triggered . | . . . Machines | -11 -10 -10 ---------- Run | Scr Mat Min Machines Disabled 1 | . . 1 Max in Single Turn 1 | . . 1 Machines Sabotaged . | . . . Garrisons Compromised . | . . . Overloaded Fab Kills . | . . . Fab Network Shutdowns . | . . . Hacking | -11 -10 -10 --------- Run | Scr Mat Min Machines Accessed . | . . . Terminals . | . . . Fabricators . | . . . Repair Stations . | . . . Recycling Units . | . . . Scanalyzers . | . . . Garrison Access . | . . . Total Hacks . | . . . Successful . | . . . Failed . | . . . Catastrophic . | . . . Database Lockouts . | . . . Manual . | . . . Terminals . | . . . Fabricators . | . . . Repair Stations . | . . . Recycling Units . | . . . Scanalyzers . | . . . Garrison Access . | . . . Terminal Hacks . | . . . Fabricator Hacks . | . . . Repair Station Hacks . | . . . Recycling Unit Hacks . | . . . Scanalyzer . | . . . Garrison Access Hacks . | . . . Unauthorized Hacks . | . . . Terminals . | . . . Fabricators . | . . . Repair Stations . | . . . Recycling Units . | . . . Scanalyzers . | . . . Garrison Access . | . . . Data Cores Recovered . | . . . Used . | . . . Hacking Detections . | . . . Full Trace Events . | . . . Feedback Events . | . . . Feedback Blocked . | . . . Robot Schematics Acquired . | . . . Robots Built . | . . . Matter . | . . . Time . | . . . Total Robot Build Rating . | . . . Part Schematics Acquired . | . . . Parts Built . | . . . Matter . | . . . Time . | . . . Total Part Build Rating . | . . . Parts Repaired . | . . . Time . | . . . Parts Recycled . | . . . Recycled Matter . | . . . Retrieved Matter . | . . . Retrieved Components . | . . . Parts Scanalyzed . | . . . Part Schematics Acquired . | . . . Parts Damaged . | . . . Bothacking | -11 -10 -10 ------------ Run | Scr Mat Min Used RIF Installer . | . . . Robots Hacked . | . . . Non-combat . | . . . Combat . | . . . Robot Hacks Applied . | . . . Relay Couplers Released . | . . . Robots Rewired . | . . . Allies Hacked . | . . . Hacks Repelled . | . . . Allies | -11 -10 -10 -------- Run | Scr Mat Min Total Allies . | . . . Largest Group . | . . . Highest-Rated Group . | . . . Highest-Rated Ally . | . . . Total Orders . | . . . Ally Attacks . | . . . Total Damage . | . . . Kills . | . . . Allies Corrupted . | . . . Allies Melted . | . . . Intel | -11 -10 -10 ------- Run | Scr Mat Min Robot Analysis Total . | . . . Derelict Logs Recovered 1 | . . 1 Drone Launches . | . . . Drone Recoveries . | . . . Exploration | -11 -10 -10 ------------- Run | Scr Mat Min Turns Passed 439 | 44 95 300 Spaces Moved 293 | 26 104 163 Core . | . . . Treads . | . . . Legs . | . . . Wheels 293 | 26 104 163 Hover . | . . . Flight . | . . . Fastest Speed 80 | 80 80 95 Average Speed 91 | 80 88 95 Slowest Speed 95 | 80 95 95 Overloaded Moves . | . . . Propulsion Burnouts . | . . . Robots Hopped . | . . . Cave-ins Triggered . | . . . Exploration Rate (%) 19 | 3 19 37 Regions Visited 2 Branch Regions 1 Pre-discovered Areas . | . . . Known Exits Taken . | . . . Unknown Exits Taken 2 | 1 1 . Scrap Searched 1 | . . 1 Spaces Dug . | . . . Terrain Destroyed 37 | . . 37 Melee . | . . . Projectile . | . . . AOE 37 | . . 37 Terrain Rammed . | . . . Walls Destroyed . | . . . Machines Disabled . | . . . Actions | -11 -10 -10 --------- Run | Scr Mat Min Total 393 | 38 106 249 Wait 7 | . . 7 Move 291 | 25 103 163 Hop . | . . . Pick Up 20 | 3 1 16 Fast Attach 1 | . 1 . Attach 8 | 2 . 6 Detach 1 | . 1 . Swap 7 | . . 7 Drop 12 | 2 . 10 Fire 46 | 6 . 40 Melee . | . . . Ram . | . . . Kick . | . . . Crush . | . . . Escape Stasis . | . . . Rewire . | . . . Trap . | . . . Miscellaneous . | . . . Route ------- -11/Scrapyard -10/Materials (discovered 2 exits: [*Min x2]) -10/Mines History --------- Turn | Location | Event 13 | -11/Scrapyard | Discovered new exit (range 3) 45 | -11/Scrapyard | Entered Materials 68 | -10/Materials | Discovered new exit (range 12) 111 | -10/Materials | Discovered new exit (range 14) 140 | -10/Materials | Entered Mines 282 | -10/Mines | Learned Materials emergency access door positions 305 | -10/Mines | Build established: Mutant 392 | -10/Mines | Core integrity fell below 50% 410 | -10/Mines | Core integrity fell below 20% 440 | -10/Mines | Destroyed by G-47 Trooper with Particle Gun Last Messages --------------- 00395_ K-01 Serf collects debris. 00395_ K-01 Serf destroyed. 00397_ Assault Rifle destroyed. 00403_ U-05 Engineer lays Concrete. 00403_ Wheel destroyed. 00404_ U-05 Engineer builds a Wall. 00409_ U-05 Engineer lays Concrete. 00411_ U-05 Engineer builds a Wall. 00413_ Lgt. Assault Rifle destroyed. 00415_ U-05 Engineer lays Concrete. 00416_ G-47 Trooper destroyed. 00416_ U-05 Engineer lays Concrete. 00418_ U-05 Engineer builds a Wall. 00418_ G-34 Mercenary destroyed. 00422_ U-05 Engineer lays Concrete. 00425_ Lgt. Ion Engine destroyed. 00426_ U-05 Engineer builds a Wall. 00430_ U-05 Engineer lays Concrete. 00434_ Lgt. Assault Rifle destroyed. 00434_ U-05 Engineer lays Concrete. Map ----- +----------------------------------------------------+ | | | | | | | | | | | | | | | | | | | ??????????????????????????????????????????????? | | ??????????????????????????????????????????????? | | ????#####?????????????????????????????????????? | | ???## ##????????????????????????????????????? | | ???# ##???????????????????????????????????? | | #### #????????????###????????????????????? | | #?????????### #????????????????????? | | #### ##???????## #????????????????????? | | ???# ###????## #????????????????????? | | ???# ###### #?????????????????????? | | ???# #??????????????????????? | | ???# ##?????????????????????? | | ???# ## ##????????????????????? | | ???# ### ###??????????????????? | | ???# #?#### ###????????????????? | | ???# ##????## ## #????????????????? | | ???# #??????# #### @ #????????????????? | | ???## ##??????# ###?###gu #????????????????? | | ????# #???????# #????##! #????????????????? | | ????# ######### #????#=%* #???????????????? | | ????#[ # #????# != #???????????????? | | ????#[ ####### # #???? [%[% ##???????????????? | | ????#= #???????# #????=!*== #????????????????? | | ????#= ###?????# #???#=%%* ##????????????????? | | #####= ##????# #???# [ ##?????????????????? | | #????# #???# #??????????????????? | | #????# #???## ##??????????????????? | | #### ##???? #????# #????????????????????? | | ???# ###????? ?????# ?????????????????????? | | ???# #??????? ?????? ?????????????????????? | | ??## #???????# ?????? ?????????????????????? | | ?## #????????# ??????#?????????????????????? | | ?# ##?????????????????????????????????????? | | ?# #?????????????????????????????????????? | | ## #?????????????????????????????????????? | | ### ##?????????????????????????????????????? | | ### #??????????????????????????????????????? | | ## ##??????????????????????????????????????? | | #???????????????????????????????????????? | | ##???????????????????????????????????????? | | #????????????????????????????????????????? | +----------------------------------------------------+ Best States ------------- Heat Dissipation 25 Energy Generation 10 Energy Capacity 250 Matter Stores 300 Matter Capacity 300 Sight Range 16 Terrain Scan Density 10 Evasion (%) 44 Item Schematics ----------------- None Robot Schematics ------------------ None Fabricated ------------ Nothing Alien Tech Used ----------------- None Achievements -------------- None Challenges ------------ None Game ------ Seed TiamatSystemInsulator Manual? 0 Play Time 00:20:31 Cumulative 293.6 hours Start 2021.07.28 @ 08:54:25 End 2021.07.29 @ 18:52:40 Sessions 2 Manual Loads 0 Difficulty Rogue Special Mode None Game No. 167 Rogue 167 Adventurer 0 Explorer 0 Win Type - Total 9 Types 6/0/1/2/0/0/0/0/0 Lore% 79 Gallery% 83 Achievement% 64 Wizard Run 0 Options --------- ASCII 0 Keyboard 0 Movement Numpad Keybinds 0 Fullscreen 1 Font 18/SmallcapsGlow Map View 76x50 Tactical HUD 1 Map Filters NONE Filters NONE Steam 1 RUN: 754e3be7-6913-4df5-bbea-376c9bec19b1